 Dungeon Crawl Stone Soup version 0.24-a0-7-g1bb0902 (webtiles) character file.

Game seed: 12434228787023293866

3916 galech the Cleaver (level 10, 21/76 HPs)
             Began as a Demonspawn Fighter on Jan 30, 2019.
             Was a Follower of Okawaru.
             Quit the game on level 8 of the Dungeon.
             The game lasted 00:10:46 (6406 turns).

galech the Cleaver (Demonspawn Fighter)             Turns: 6406, Time: 00:10:47

Health: 21/76      AC: 14    Str: 17    XL:     10   Next: 1%
Magic:  5/19       EV:  9    Int:  9    God:    Okawaru [*.....]
Gold:   348        SH: 13    Dex: 16    Spells: 9/9 levels left

rFire    + + .     SeeInvis .   O - +6 war axe
rCold    . . .     Gourm    .   c - +0 shield
rNeg     . . .     Faith    .   D - +4 scale mail of Curiosity {*Contam rF++ MR+ Regen+}
rPois    .         Spirit   +   B - +0 helmet
rElec    .         Reflect  +   L - scarf {Spirit}
rCorr    .         Harm     .   (no gloves)
MR       +....                  (no boots)
Stlth    +.........             p - +3 amulet of reflection
HPRegen  0.62/turn              h - ring of flight
MPRegen  0.16/turn              s - ring of magical power

@: lightly drained
A: talons 1, molten scales 1, nightstalker 1, rot immunity
a: Heroism, Renounce Religion, Evoke Flight


You were on level 8 of the Dungeon.
You worshipped Okawaru.
Okawaru was aware of your devotion.
You were not hungry.

You visited 2 branches of the dungeon, and saw 10 of its levels.

You collected 348 gold pieces.

Inventory:

Hand Weapons
 O - a +6 war axe (weapon)
Armour
 c - a +0 shield (worn)
 i - a +0 chain mail
 u - a +0 cloak
 B - a +0 helmet (worn)
 D - the +4 scale mail of Curiosity (worn) {*Contam rF++ MR+ Regen+}
   (You found it on level 5 of the Dungeon)

   It greatly protects you from fire.
   It affects your resistance to hostile enchantments.
   It causes magical contamination when unequipped.
   It increases your rate of regeneration.
 L - a scarf of spirit shield (worn)
Jewellery
 h - a ring of flight (left hand)
 m - an uncursed ring of wizardry
 p - a +3 amulet of reflection (around neck)
 s - a ring of magical power (right hand)
Wands
 g - a wand of iceblast (11)
 F - a wand of digging (13)
Scrolls
 a - a scroll of fog {unknown}
 e - a scroll of noise {unknown}
 j - 2 scrolls of enchant armour {unknown}
 k - 3 scrolls of teleportation {unknown}
 l - 2 scrolls of magic mapping {unknown}
 q - 3 scrolls of random uselessness {unknown}
 t - 7 scrolls of identify {unknown}
 v - a scroll of fear {unknown}
 w - 3 scrolls of remove curse
 x - 3 scrolls of amnesia {unknown}
 J - 2 scrolls of blinking {unknown}
 N - a scroll of holy word {unknown}
Potions
 b - 3 potions of resistance {unknown}
 d - a potion of might
 n - 4 potions of degeneration {unknown}
 o - 3 potions of haste {unknown}
 r - 3 potions of curing
 z - a potion of magic {unknown}
 A - 2 potions of ambrosia {unknown}
 C - a potion of agility
 E - a potion of lignification {unknown}
 G - a potion of berserk rage {unknown}
 H - 2 potions of flight {unknown}
 I - a potion of heal wounds {unknown}
 K - a potion of brilliance {unknown}
Comestibles
 f - 14 rations
 M - 6 chunks of flesh


   Skills:
 + Level 5.8(5.5) Fighting
 + Level 8.5(8.2) Axes
 + Level 6.3(6.0) Armour
 + Level 3.3(3.0) Dodging
 + Level 0.3(0.1) Stealth
 + Level 6.8(6.5) Shields


You had 9 spell levels left.
You didn't know any spells.
Your spell library was empty.

Dungeon Overview and Level Annotations

Branches:
Dungeon (9/15)             Temple (1/1) D:7
   Lair: D:8-11         Orc: D:9-12

Altars:
Ashenzari
Cheibriados
Dithmenos
Fedhas
Gozag
Hepliaklqana
Kikubaaqudgha
Makhleb
Nemelex Xobeh
Okawaru
Qazlal
Ru
Trog
Uskayaw
Vehumet
Xom
Yredelemnul
Zin
The Shining One

Annotations:
D:7 exclusion: statue


Innate Abilities, Weirdness & Mutations

You have sharp toenails.
You are partially covered in molten scales. (AC +2)
You are slightly more attuned to the shadows.
You are immune to rotting.


Message History

You slip into the darkness of the dungeon.
Things that are here:
a +0 halberd; a +0 chain mail There isn't anything to butcher here.
Items here: ) [ †† a +0 dagger; a +0 leather armour; an orc corpse x2
Butcher an orc corpse? [(y)es/(n)o/(a)ll/(q)uit/?]
Butcher an orc corpse? [(y)es/(n)o/(a)ll/(q)uit/?]
You butcher the orc corpse.
M - 3 chunks of flesh
Items here: ) [ ÷ † a +0 dagger; a +0 leather armour; an orc corpse; an orc skeleton You butcher the orc corpse.
M - 6 chunks of flesh (gained 3)
Items here: ) [ ÷÷ a +0 dagger; a +0 leather armour; an orc skeleton x2
Things that are here:
a +0 dagger; a +0 robe There isn't anything to butcher here.
Are you sure you want to abandon this character and quit the game? (Confirm with "yes".)

#.#.#.#.# ##.## ##.#.#.#.#
#####.)# ...#+#.#.# #...##.##
.##....#.# #$..##..# +#
..<....#.######...###.####.######
###...........'...+[.............
#[..##....###...####.....#####.
...#+######.# #)..# #.##.######.
##. #.###)@.# #.##÷....... #.
#.......# #..#.######. ##
#.....####.### #..#†#......
...... #.# #....#.##### #####.
..# ##...#...... #⌠ ##.+
....####### #. #.# ###..# #⌠ #.#
#..# #.# #...


There were no monsters in sight!

Vanquished Creatures
  Joseph (D:7)
  A hornet (D:8)
  3 ice beasts
  3 orc warriors
  2 black bears (D:6)
  A sky beast (D:6)
  2 ogres
  2 centaurs
  A crocodile (D:7)
  A big kobold (D:7)
  3 bullfrogs
  6 killer bees (D:7)
  4 wights (D:8)
  3 howler monkeys (D:7)
  4 crimson imps
  2 centaur zombies (D:7)
  A quasit (D:5)
  3 hounds
  4 jellies (D:8)
  3 orc priests
  6 orc wizards
  Jessica (D:3)
  An iguana (D:8)
  3 worker ants
  Terence (D:3)
  A hound zombie (D:8)
  A hound skeleton (D:4)
  A howler monkey zombie (D:5)
  A howler monkey skeleton (D:4)
  17 adders
  14 gnolls
  A shadow imp (D:6)
  6 oozes
  2 worms
  3 dart slugs
  4 leopard geckos
  21 orcs
  8 giant cockroaches
  12 goblins
  4 hobgoblins
  15 jackals
  4 quokkas
  7 bats
  3 frilled lizards
  A jackal skeleton (D:4)
  14 kobolds
  2 leopard gecko skeletons (D:4)
  A leopard gecko zombie (D:5)
  A quokka skeleton (D:4)
  7 rats
213 creatures vanquished.

Notes
Turn   | Place    | Note
-------+----------+-------------------------------------------
     0 | D:1      | galech the Demonspawn Fighter began the quest for the Orb.
     0 | D:1      | Reached XP level 1. HP: 18/18 MP: 1/1
   187 | D:1      | Gained mutation: You are partially covered in molten
                  | scales. (AC +2) [demonic ancestry]
   187 | D:1      | Reached XP level 2. HP: 23/24 MP: 2/2
   699 | D:2      | Reached skill level 2 in Axes
   755 | D:2      | Gained mutation: You have sharp toenails. [demonic
                  | ancestry]
   755 | D:2      | Reached XP level 3. HP: 14/29 MP: 3/3
  1113 | D:2      | Reached XP level 4. HP: 25/35 MP: 4/4
  1333 | D:2      | Found a basalt altar of Yredelemnul.
  1586 | D:3      | Noticed Terence
  1604 | D:3      | Killed Terence
  1701 | D:3      | Reached skill level 3 in Axes
  1720 | D:3      | Noticed Jessica
  1722 | D:3      | Reached XP level 5. HP: 40/41 MP: 5/5
  1730 | D:3      | Killed Jessica
  2119 | D:3      | Found a shadowy altar of Dithmenos.
  2320 | D:3      | Reached skill level 4 in Axes
  2353 | D:3      | Found a stormy altar of Qazlal.
  2477 | D:3      | Found a shimmering altar of Xom.
  2654 | D:4      | Gained mutation: You are immune to rotting. [demonic
                  | ancestry]
  2654 | D:4      | Reached XP level 6. HP: 42/47 MP: 6/6
  2682 | D:4      | Found an ancient bone altar of Kikubaaqudgha.
  2951 | D:4      | Found a sparkling altar of Nemelex Xobeh.
  3304 | D:4      | Found a shattered altar of Ashenzari.
  3388 | D:5      | Entered Level 5 of the Dungeon
  3405 | D:5      | Got a faintly humming scale mail
  3416 | D:5      | Identified the +4 scale mail of Curiosity {*Contam rF++ MR+
                  | Regen+} (You found it on level 5 of the Dungeon)
  3472 | D:5      | Noticed an ice beast
  3582 | D:4      | Killed an ice beast
  3582 | D:4      | Reached skill level 5 in Axes
  3582 | D:4      | Reached XP level 7. HP: 30/53 MP: 7/7
  3682 | D:5      | Reached skill level 1 in Dodging
  3948 | D:5      | Reached skill level 6 in Axes
  3948 | D:5      | Reached XP level 8. HP: 50/60 MP: 8/8
  4318 | D:6      | Reached skill level 5 in Shields
  4418 | D:6      | Reached skill level 5 in Armour
  4789 | D:7      | Reached skill level 7 in Axes
  4832 | D:7      | Found a radiant altar of Vehumet.
  4951 | D:7      | Noticed Joseph
  4971 | D:7      | Killed Joseph
  4971 | D:7      | Reached skill level 5 in Fighting
  4971 | D:7      | Reached XP level 9. HP: 48/68 MP: 9/9
  5040 | D:7      | Found a staircase to the Ecumenical Temple.
  5043 | D:7      | You fall through a shaft for 2 floors!
  5281 | Temple   | Entered the Ecumenical Temple
  5316 | Temple   | Became a worshipper of Warmaster Okawaru
  5542 | D:7      | Found a sacrificial altar of Ru.
  5659 | D:7      | Reached skill level 8 in Axes
  6356 | D:8      | Reached * piety under Okawaru
  6398 | D:8      | Gained mutation: You are slightly more attuned to the
                  | shadows. [demonic ancestry]
  6398 | D:8      | Reached XP level 10. HP: 16/76 MP: 4/10
  6406 | D:8      | Quit the game

Vault maps used:
D:1:      dpeg_arrival_pits
D:2:      overflow_temple_1_default
D:3:      grunt_dithmenos_smoke, nicolae_overflow_crystal_walls,
          xom_teletrap_fun, uniq_terence, uniq_jessica
D:4:      marbit_many_paths, kennysheep_little_box, kiku_gazebo_pond_becter,
          minmay_tree_intersection
D:5:      first_ration
D:7:      nicolae_ru_path_of_blood, vehumet_statue,
          minmay_temple_entry_proselytizer, uniq_joseph
D:8:      hangedman_little_slice_of_home, small_chamber_with_monster
D:9:      elyvilon_altar_3, hangedman_decor_riveting
Temple:   nicolae_temple_god_jail

Skill      XL: |  1  2  3  4  5  6  7  8  9 |
---------------+----------------------------+-----
Shields        | 3 4 5 6 |  6.8
Axes           | 2 3 4 5 6 7 8 |  8.5
Armour         | 3 4 5 6 |  6.3
Fighting       | 4 5 |  5.8
Dodging        | 1 2 3 |  3.3
Stealth        | |  0.3

Action                   |  1- 3 |  4- 6 |  7- 9 | 10-12 || total
-------------------------+-------+-------+-------+-------++-------
Melee: War axe           |   101 |    77 |    33 |       ||   211
       Kick              |     3 |    57 |   131 |       ||   191
       Hand axe          |       |   158 |   399 |       ||   557
  Use: Scroll            |       |     1 |       |       ||     1
       Potion            |       |       |     2 |       ||     2
  Eat: Chunk             |     1 |     8 |    10 |       ||    19
Armor: Scale mail        |    13 |    29 |   180 |       ||   222
       Chain mail        |    64 |    88 |       |       ||   152
Dodge: Dodged            |    34 |    40 |   101 |       ||   175
Block: Shield            |    58 |   143 |   262 |       ||   463
       Reflection        |       |     6 |     9 |       ||    15

Table legend:
 A = Non-vault XP
 B = Vault XP
 C = Vault XP percentage of total XP
 D = Non-vault monster count
 E = Vault monster count
 F = Vault count percentage of total count
                 A         B        C        D         E       F
            +---------+---------+-------+---------+---------+-------
      Total |    4847 |     748 |  13.4 |     200 |      13 |   6.1
            +---------+---------+-------+---------+---------+-------
        D:1 |      29 |       0 |   0.0 |      17 |       0 |   0.0
        D:2 |     107 |       0 |   0.0 |      30 |       0 |   0.0
        D:3 |     146 |      73 |  33.3 |      27 |       2 |   6.9
        D:4 |     419 |       3 |   0.7 |      25 |       1 |   3.8
        D:5 |     677 |       0 |   0.0 |      20 |       0 |   0.0
        D:6 |     844 |       0 |   0.0 |      25 |       0 |   0.0
        D:7 |    1501 |     512 |  25.4 |      38 |       2 |   5.0
        D:8 |    1124 |     160 |  12.5 |      18 |       8 |  30.8
            +---------+---------+-------+---------+---------+-------
